[Event "Szansa Chess Open 2022"]
[Site "Warsaw"]
[Date "2022.09.17"]
[Round "5"]
[White "Pires, Emanuel Joao Robarts"]
[Black "Polak, Michal"]
[Result "0-1"]
[ECO "A00"]
[WhiteElo "1999"]
[BlackElo "1954"]
[Annotator "TA"]
[PlyCount "117"]
[EventDate "2022.09.17"]
[EventCountry "POL"]
[SourceTitle "playchess.com"]
[Source "ChessBase"]
[SourceQuality "1"]
[TimeControl "900+10"]

1. e3 e5 2. f4 exf4 3. Nc3 ({Predecessor:} 3. exf4 Nf6 4. Nf3 d5 5. d4 Bd6 6. Bd3 O-O 7. O-O Nc6 8. c3 Ne7 9. Qc2 Ng6 10. Ne5 c5 11. Be3 c4 12. Be2 Ne4 13. Bxc4 dxc4 14. Qxe4 {½-½ (47) Akbaev,K (2475)-Skatchkov,P (2486) Khanty-Mansiysk 2013}) 3... fxe3 4. b3 d5 5. Bb2 d4 6. Ne4 {[%emt 0:00:21][%mdl 8192] A00: Irregular Openings.} (6. Nb5 $17) 6... Qh4+ $19 7. Ng3 Bd6 8. Qf3 {[%emt 0:02:15] Black is winning.} Bxg3+ (8... Bg4 $142 9. Qe4+ Ne7) 9. Qxg3 Qxg3+ (9... exd2+ $19 10. Kd1 Qh6 11. Qe5+ Ne7 12. Qxd4 O-O 13. Qxd2 Qh5+ 14. Kc1 Nbc6) 10. hxg3 $17 exd2+ 11. Kxd2 c5 12. Nf3 Nf6 13. Re1+ Be6 {[%emt 0:02:04] Hoping for ...0-0.} 14. b4 Nc6 15. bxc5 O-O-O 16. a3 h6 (16... Bf5 $17 {White must now prevent ...Rd5.} 17. Ng5 (17. Bd3 Rd5 $17) 17... Rd7) 17. Kc1 Rhe8 (17... a6 $17 18. Rh4 Bg4) 18. Rh4 (18. Bb5 $15) 18... Rd5 ({Black should play} 18... Bg4 $17 {And now ...Bxf3 would win.} 19. Rxe8 Rxe8) 19. Bd3 (19. Nxd4 $15 Nxd4 20. Bxd4) 19... Rxc5 20. Nxd4 Rg5 (20... Bd7 $17 21. Rxe8+ Nxe8 22. Nxc6 Bxc6) 21. Nxc6 $11 bxc6 22. Ra4 Re7 ({Don't take} 22... Rxg3 23. Be5 Rxg2 24. Rxa7 $16) 23. Ba6+ Kd8 24. Rb4 Nd7 {[%emt 0:00:46] Prevents Be5.} (24... Rxg3 $2 25. Rb8+ Bc8 26. Rxc8+ Kd7 27. Rd1+ Nd5 28. c4 $18) 25. Rd1 {[%emt 0:00:41] [#]} Ke8 $1 26. Rb7 Rxg3 27. Be5 Rxg2 (27... Rxa3 $17 28. Rxa7 f6) 28. Rxa7 {[%emt 0:00:42] Ra8+ would kill now.} f6 $1 29. Bd6 {[%emt 0:00:11] This bishop pair is nice.} Bf5 $1 ({Don't play} 29... Bg4 30. Bxe7 Bxd1 31. Kxd1 $16) 30. Bd3 (30. Ra8+ $11 {remains equal.} Kf7 31. Bxe7 Rxc2+ 32. Kb1 Re2+ 33. Kc1 Rxe7 34. Bc4+ Kg6 35. Rg1+ Kh5 36. Ra5) 30... Bxd3 $17 31. Rxd3 Ree2 32. Rc3 Rg1+ 33. Kb2 Re6 $2 (33... c5 $1 $17 {keeps the pressure on.} 34. a4 Rd1 35. Bxc5 Nxc5 36. Rxc5 Re7) 34. Rxc6 $18 Rd1 (34... Ree1 $142 35. Rc8+ Kf7) 35. Rc8+ {[%emt 0:00:29][%mdl 64] [#] Deflection} Kf7 36. Rxd7+ Kg6 37. Rcd8 h5 38. a4 h4 39. a5 Rd5 $2 (39... h3 40. Bh2 Rxd7 41. Rxd7 Ra6) 40. a6 {[%emt 0:00:31] aiming for a7.} Rb5+ 41. Kc3 {[%emt 0:00:07] Threatens to win with a7.} Re3+ 42. Kd4 {[%emt 0:00:19] Threatening mate with a7.} Re2 43. c4 Ra5 44. a7 Rea2 45. Bb8 h3 46. Rg8 $4 (46. Rd5 $18 {and life is good for White.} R5a4 47. Rh8) 46... Rd2+ $19 {[%emt 0:00:09][%mdl 64] Skewer} 47. Kc3 Rxd7 {[%emt 0:00:01][%mdl 4096] Endgame KRR-KRB} 48. Rh8 Kf5 ({Weaker is} 48... Ra3+ 49. Kb4 Rdd3 50. c5 $11) 49. Kb4 (49. Rxh3 $142 Rdxa7 50. Kb4 Ra4+ 51. Kc5) 49... Raxa7 50. Bxa7 Rxa7 51. Rxh3 {[%emt 0:00:02] KR-KR} Kg4 52. Rh8 g5 (52... f5 $142 53. Rf8 f4) 53. c5 f5 54. c6 f4 55. Kc5 f3 56. Rf8 Kg3 {[%emt 0:00:10] ( -> ...f2)} 57. Kd4 f2 58. Ke3 Re7+ 59. Kd4 {[%emt 0:00:24] What a bad dream for White.  Weighted Error Value: White=0.30/Black=0.55} 0-1

[Event "Szansa Chess Open 2022"]
[Site "Warsaw"]
[Date "2022.09.17"]
[Round "5"]
[White "Moscicka, Pola"]
[Black "Jarocka, Liwia"]
[Result "0-1"]
[ECO "D43"]
[WhiteElo "1958"]
[BlackElo "2131"]
[Annotator "TA"]
[PlyCount "78"]
[EventDate "2022.09.17"]
[EventCountry "POL"]
[SourceTitle "playchess.com"]
[Source "ChessBase"]
[SourceQuality "1"]
[TimeControl "900+10"]

1. d4 d5 2. c4 c6 3. Nf3 Nf6 4. Nc3 e6 5. Qd3 dxc4 6. Qxc4 b5 7. Qd3 a6 8. e4 {[%emt 0:01:03] 8.g4 might become the main line. D43: Semi-Slav: 5 Bg5 h6.} Bb7 9. Be2 c5 {[%emt 0:00:43] [#]} 10. dxc5 $146 {[%emt 0:02:41] Black must now prevent Qxd8+. The position is equal.} ({Predecessor:} 10. e5 cxd4 11. exf6 dxc3 12. Qxd8+ Kxd8 13. Bg5 Ke8 14. bxc3 Nd7 15. fxg7 Bxg7 16. Rc1 {0-1 (30) Papay,M (1939)-Krumm,J (2038) Teplice 2012}) 10... Qxd3 11. Bxd3 Bxc5 12. a3 Nbd7 13. O-O O-O 14. Bf4 Rac8 15. Rac1 h6 16. Nd2 Nh5 17. Bg3 Nxg3 {[%emt 0:01:13] Black is more active.} 18. hxg3 Rc7 (18... Nf6 $142 {Hoping for ...Rfd8.} 19. Nb3 Bb6) 19. Nf3 (19. Nb3 $142) 19... Rfc8 20. g4 $2 {[%emt 0:02:13] [#] This costs White the game.} (20. Rcd1 $17) 20... Bxa3 $1 $19 {[%emt 0:00:17][%mdl 512] A strong pair of Bishops.} 21. Nxb5 (21. Rb1 Bb4) 21... Rxc1 22. Nxa3 Rxf1+ 23. Kxf1 Nc5 24. Ke2 Bxe4 25. Bc4 (25. Bxe4 {was called for.} Nxe4 26. Ne5) 25... Rb8 {[%emt 0:00:26] Black is clearly winning.} 26. Ke3 Bxf3 27. gxf3 {[%emt 0:00:08][%mdl 4096] Endgame KRN-KBN} e5 28. f4 exf4+ 29. Kd4 Ne6+ 30. Kc3 a5 31. Nb5 Kf8 32. Nd6 g6 33. Ne4 Ke7 34. b3 h5 35. g5 h4 {[%emt 0:00:15] Threatens to win with ...h3.} 36. Bf1 Rc8+ 37. Kb2 Rd8 {[%emt 0:00:16] [#] ...f3 is the strong threat.} 38. Kc2 f3 39. Bh3 Rd4 {[%emt 0:00:07] Weighted Error Value: White=0.47/Black=0.04 (flawless)} 0-1

[Event "Szansa Chess Open 2022"]
[Site "Warsaw"]
[Date "2022.09.17"]
[Round "5"]
[White "Bartkiewicz, Pawel"]
[Black "Warcaba, Jakub"]
[Result "1/2-1/2"]
[ECO "B81"]
[WhiteElo "1938"]
[BlackElo "1625"]
[Annotator "TA"]
[PlyCount "130"]
[EventDate "2022.09.17"]
[EventCountry "POL"]
[SourceTitle "playchess.com"]
[Source "ChessBase"]
[SourceQuality "1"]
[TimeControl "900+10"]

1. e4 c5 2. Nf3 d6 3. d4 cxd4 4. Nxd4 Nf6 5. Nc3 e6 6. g4 h6 7. Rg1 Nc6 8. Be3 $1 {[%emt 0:00:13] 8.Be3 scores better than 8.h4.} Nxd4 {[%emt 0:00:55] [#] B81: Sicilian Scheveningen: Keres Attack.} 9. Bxd4 $146 ({Predecessor:} 9. Qxd4 e5 10. Bb5+ Bd7 11. Qd3 a6 12. Bxd7+ Qxd7 13. O-O-O Nxg4 14. Nd5 Nxe3 15. Qxe3 Qc6 16. Rg3 b5 17. Rd3 Rc8 18. Rc3 Qb7 19. Rxc8+ Qxc8 20. Qa7 f6 21. Rxg7 {1-0 (21) Davis,H-Bellisario,C (1371) ICCF email 2021}) 9... e5 10. Be3 a6 {[%emt 0:00:17] White is slightly better.} 11. Bc4 {[%emt 0:01:27] White is more active.} Qa5 12. f3 Be7 (12... d5 $11 {was preferrable.} 13. Bxd5 (13. exd5 Ba3 $11) 13... Ba3) 13. Qd2 Bd7 14. O-O-O b5 $1 15. Bb3 Qc7 $2 ({Black should try} 15... b4 $1 $14 16. Nd5 Nxd5 17. Bxd5 (17. Qxd5 Qxd5 18. Bxd5 Rb8 $11) 17... Rc8) 16. h4 $1 $18 (16. Nd5 Nxd5 17. Bxd5 Rc8 $14) 16... b4 {[%emt 0:00:23] [#]} 17. Nd5 (17. Na4 $1 $18 {and the rest is easy.}) 17... Nxd5 $16 18. Qxd5 O-O 19. g5 $36 {[%emt 0:00:01][%mdl 2048] White is pushing.} hxg5 (19... Be6 $14 20. Qd2 h5) 20. Bxg5 $2 (20. hxg5 {aiming for g6.} g6 21. Rh1) 20... Be6 $18 21. Qd2 Bxb3 22. axb3 Rfd8 (22... Rfc8 $16 23. Rg2 (23. Bxe7 Qxe7 24. Qh6 Qf8 $16) 23... f6) 23. Rg2 a5 24. Rdg1 {[%emt 0:01:27] White wants to mate with Bxe7.} f6 $2 (24... g6 $2 25. h5 d5 26. Bxe7 Qxe7 27. hxg6 $18) (24... Kf8 25. Bh6 Ke8) 25. Bh6 $2 (25. Qd5+ Kh8 26. Bd2) 25... Bf8 26. h5 Kh8 {[%emt 0:00:29] [#]} (26... Kh7 27. Qd5 (27. Rxg7+ Bxg7 28. Rxg7+ Qxg7 $16) 27... Rac8 28. Bxg7 Bxg7) 27. Rg6 $1 a4 28. Bxg7+ $1 Bxg7 29. Rh6+ Kg8 {[%emt 0:00:38] Hoping for ...Kf8.} 30. Qd5+ (30. Rhg6 axb3 31. Rxg7+ Qxg7 32. Qd5+ (32. Rxg7+ Kxg7 33. Qxb4 Ra1+ 34. Kd2 bxc2 $16) 32... Kh8 33. Rxg7 Kxg7 $16) 30... Qf7 {[%emt 0:00:14] [#] Strongly threatening ...Qxd5.} 31. Rh8+ $3 Kxh8 32. Qxf7 Bh6+ 33. Kd1 {[%emt 0:00:29] White threatens Rg6 and mate.} Bg5 (33... Rf8 $142 34. Qg6 Bg5 35. Rxg5 fxg5 36. bxa4 Rxf3 37. Qxd6 g4 38. Qh6+ Kg8 39. Qg6+ Kh8 40. Qh6+ Kg8 41. Qg6+ Kh8 42. Qh6+) 34. bxa4 Rf8 35. Qe7 Rfe8 36. Qf7 Rf8 $1 37. Qd7 Rfd8 38. Qc6 Rac8 39. Qb7 d5 40. h6 dxe4+ 41. Ke1 Bd2+ (41... Rg8 $18 42. Qxe4 b3) 42. Ke2 $2 (42. Kf1 Bxh6 43. Rg6 Rd1+ 44. Ke2 exf3+ 45. Kxd1 Rd8+ 46. Ke1 Bd2+ 47. Kf2) 42... Bxh6 43. fxe4 {[%emt 0:00:15] Really sharp!} Rxc2+ 44. Kf3 Rxb2 $2 (44... Rcd2 45. Rh1 (45. Qxb4 f5 $11) 45... R8d7 46. Qxb4 (46. Rxh6+ Kg7 $14) 46... Kg7) 45. Rh1 (45. Qf7 $142 Rd3+ 46. Kg4) 45... Rb3+ 46. Kg4 Rg8+ 47. Kf5 Rf3+ 48. Ke6 Rg6 49. Qc8+ (49. a5 $142) 49... Kh7 50. Qd7+ Rg7 51. Qd2 Rg6 52. Qxb4 f5+ 53. Kxe5 fxe4 54. Qb7+ Kg8 55. Qc8+ Rf8 56. Qc4+ Kg7 57. Qd4 Kg8 (57... e3 {keeps fighting.} 58. Ke4+ Kg8) 58. Qd5+ Kg7 59. Qb7+ $2 (59. Kxe4 $18 {Threatens to win with Kd3.} Re8+ 60. Kd3 Rg3+ 61. Kc2) 59... Rf7 $11 60. Qb2 Kg8 (60... Kh7 $14) 61. Kxe4 (61. Qb3 $16) 61... Rf4+ 62. Kd5 {[%emt 0:00:08] Qb3 is the strong threat.} Rg5+ 63. Ke6 Rg6+ 64. Kd7 $2 (64. Kd5 $11 Rf5+ 65. Ke4 Rf4+ 66. Kd5 (66. Kd3 Rg3+ 67. Kc2 Rg2+ 68. Kb3 Rxb2+ $15)) 64... Rg7+ $2 (64... Rf7+ {mates} 65. Kd8 Rd6+ 66. Kc8 Rc6+ 67. Kb8 Bf4+ 68. Qe5 Bxe5+ 69. Ka8 Rc8#) 65. Kc6 Rg6+ {[%emt 0:00:02] What a bad dream for Black.  Weighted Error Value: White=0.76/Black=0.68} 1/2-1/2

[Event "Szansa Chess Open 2022"]
[Site "Warsaw"]
[Date "2022.09.17"]
[Round "5"]
[White "Adamski, Adam"]
[Black "Czarnecka, Lidia"]
[Result "0-1"]
[ECO "B20"]
[WhiteElo "1886"]
[BlackElo "1957"]
[Annotator "TA"]
[PlyCount "52"]
[EventDate "2022.09.17"]
[EventCountry "POL"]
[SourceTitle "playchess.com"]
[Source "ChessBase"]
[SourceQuality "1"]
[TimeControl "900+10"]

1. e4 c5 2. a3 e6 3. b4 cxb4 4. axb4 Bxb4 5. c3 Be7 6. d4 Nf6 7. Bd3 {[%emt 0:00:45] B20: Sicilian: Unusual White 2nd moves.} d6 8. Nf3 O-O 9. O-O {[%emt 0:00:33] The position is equal.} Nc6 10. Ba3 {[%emt 0:03:07] [#]} a6 $146 ({Predecessor:} 10... Qc7 11. Qc2 h6 12. Nbd2 b6 13. c4 Nd7 14. Nb3 Bb7 15. Rfc1 a5 16. Rab1 Rfc8 {0-1 (51) Remacle,A (1643)-Niepceron,A (1859) Agneaux 2015}) 11. Nbd2 Qc7 12. Nc4 e5 (12... d5 $15 13. Ncd2 Bxa3 14. Rxa3 e5) 13. d5 Nb8 14. Nfxe5 {[%emt 0:01:07] [#]} b5 $1 $17 (14... dxe5 $2 15. d6 Bxd6 16. Bxd6 $18) 15. Ne3 $2 {[%emt 0:02:40] This move loses the game for White.} (15. Bb4 $17 {is a better defense.}) 15... dxe5 $19 16. Bxe7 Qxe7 17. Bxb5 Nxe4 18. Qd3 Nd6 19. Ba4 Nd7 20. Bc2 {[%emt 0:00:24][%csl Gc2][%cal Rd3h7] [#]} e4 {[%emt 0:00:08] Black is clearly winning.} 21. Qe2 Bb7 22. Rfd1 Rfc8 23. c4 Rc5 24. Rab1 Rac8 25. Bb3 Ne5 26. Rd4 a5 {[%emt 0:00:14] Weighted Error Value: White=0.46/Black=0.11 (very precise)} 0-1

[Event "Szansa Chess Open 2022"]
[Site "Warsaw"]
[Date "2022.09.17"]
[Round "5"]
[White "Rekuc, Patryk"]
[Black "Chomczyk, Marek"]
[Result "0-1"]
[ECO "C42"]
[WhiteElo "1777"]
[BlackElo "2327"]
[Annotator "ChessBase"]
[PlyCount "68"]
[EventDate "2022.09.17"]
[EventCountry "POL"]
[SourceTitle "playchess.com"]
[Source "ChessBase"]
[SourceQuality "1"]
[TimeControl "900+10"]

1. e4 e5 2. Nf3 Nf6 3. Nxe5 Nxe4 4. d4 d5 5. Bd3 Nd7 6. Nxd7 Bxd7 7. O-O Bd6 8. Qe2 O-O 9. Bxe4 dxe4 10. c4 Qh4 11. g3 Qg4 12. Qxg4 Bxg4 13. Re1 f5 14. c5 Be7 15. Bf4 Rad8 16. Be5 Bf6 17. Bxc7 Rxd4 18. Bd6 Rxd6 19. cxd6 Bxb2 20. Nd2 Rd8 21. Rab1 Bc3 22. Rxb7 Bxd2 23. Reb1 Rxd6 24. Rxa7 h5 25. a4 e3 26. Ra8+ Kh7 27. fxe3 Bxe3+ 28. Kf1 Rd2 29. Rb3 Bf3 30. Rxe3 Bxa8 31. Re5 Be4 32. h4 Kg6 33. a5 Rd5 34. Re6+ Kf7 0-1

[Event "Szansa Chess Open 2022"]
[Site "Warsaw"]
[Date "2022.09.17"]
[Round "5"]
[White "Wieckowski, Michal"]
[Black "Fiszer, Bartosz"]
[Result "0-1"]
[ECO "B32"]
[WhiteElo "1684"]
[BlackElo "2232"]
[Annotator "TA"]
[PlyCount "60"]
[EventDate "2022.09.17"]
[EventCountry "POL"]
[SourceTitle "playchess.com"]
[Source "ChessBase"]
[SourceQuality "1"]
[TimeControl "900+10"]

1. e4 c5 2. Nf3 Nc6 3. d4 cxd4 4. Nxd4 e5 5. Nb5 d6 6. N1c3 a6 7. Na3 Be7 8. Nc4 b5 {[%emt 0:00:20] B32: Sicilian: Löwenthal and Kalashnikov Variations.} 9. Ne3 ({Much weaker is} 9. Qd5 Bb7 10. Ne3 Nf6 $11) 9... Nf6 10. f3 O-O {[%emt 0:00:13] The position is equal.} 11. Ncd5 Nxd5 12. Nxd5 Bg5 {[%emt 0:00:03] [#]} 13. Be2 $146 ({Predecessor:} 13. Bd3 Be6 14. a4 Bxc1 15. Qxc1 Qh4+ 16. g3 Qh5 17. Qe3 Nd4 18. O-O Rab8 19. axb5 axb5 {0-1 (56) Fidlin,S (1862)-Martin,J (2387) Playchess.com INT 2020}) 13... Be6 14. O-O Bxd5 15. Qxd5 Nd4 16. Bd3 Qb6 {[%emt 0:00:07][%csl LRc2,LRf3] aiming for ...Bxc1.} 17. Kh1 Rac8 18. Bxg5 $16 Rc5 {[%emt 0:00:15] [#]} 19. Qxc5 dxc5 $17 20. c3 (20. Rfc1 $17 {is a better defense.}) 20... Ne6 (20... c4 $19 {Strongly threatening ...Ne6.} 21. cxd4 cxd3) 21. Be3 Rd8 $36 {[%emt 0:00:09][%mdl 2048] Black is really pushing.} 22. Be2 Nf4 23. Bxf4 (23. Rfe1 $142) 23... exf4 $19 24. Rfd1 {[%emt 0:00:02] Prevents Rd2.} g6 25. Rxd8+ Qxd8 {[%emt 0:00:02] KQ-KRB} 26. Rd1 {[%emt 0:00:01] Inhibits Qd2.} Qa5 27. a3 Qa4 {[%emt 0:02:34] [#] Threatens to win with ...Qc2.} 28. g3 $2 (28. Rd2) 28... Qc2 {[%emt 0:00:21][%csl LRb2,LRe2] Black is clearly winning.} 29. Rd8+ Kg7 30. Bd1 Qf2 {[%emt 0:00:05] Weighted Error Value: White=0.79/Black=0.19 (very precise)} 0-1

[Event "Szansa Chess Open 2022"]
[Site "Warsaw"]
[Date "2022.09.17"]
[Round "5"]
[White "Mazur, Wojciech"]
[Black "Vasynda, Oleksandr"]
[Result "0-1"]
[ECO "A06"]
[WhiteElo "1629"]
[BlackElo "1866"]
[Annotator "NA COMBH"]
[PlyCount "66"]
[EventDate "2022.09.17"]
[EventCountry "POL"]
[SourceTitle "playchess.com"]
[Source "ChessBase"]
[SourceQuality "1"]
[TimeControl "900+10"]

1. Nf3 d5 2. b3 c5 3. Bb2 Nc6 4. e3 Bg4 5. Be2 Bxf3 6. Bxf3 e5 7. d4 cxd4 8. exd4 e4 9. Be2 Nf6 10. O-O Bd6 11. Re1 O-O 12. Nd2 Re8 13. Nf1 Qd7 14. a3 Qf5 15. Ne3 Qg6 16. c4 dxc4 17. bxc4 Rad8 18. Qb3 Re7 19. Rad1 Bf4 20. c5 Bxe3 21. fxe3 Nd5 22. Rf1 Na5 23. Qa4 Nxe3 24. Rf2 Nxd1 25. Bxd1 e3 26. Re2 b6 27. Bc2 Qc6 28. Qb4 Qc7 29. d5 Rxd5 30. Qh4 h6 31. cxb6 axb6 32. Qg4 f5 33. Bxf5 Rd1+ 0-1

[Event "Szansa Chess Open 2022"]
[Site "Warsaw"]
[Date "2022.09.17"]
[Round "6"]
[White "Gumularz, Szymon"]
[Black "Jarmula, Lukasz"]
[Result "1/2-1/2"]
[ECO "A06"]
[WhiteElo "2532"]
[BlackElo "2457"]
[Annotator "ChessBase"]
[PlyCount "147"]
[EventDate "2022.09.17"]
[EventCountry "POL"]
[SourceTitle "playchess.com"]
[Source "ChessBase"]
[SourceQuality "1"]
[TimeControl "900+10"]

1. Nf3 d5 2. e3 Nf6 3. c4 e6 4. Nc3 c5 5. cxd5 exd5 6. Bb5+ Bd7 7. Bxd7+ Qxd7 8. O-O Nc6 9. d4 cxd4 10. Nxd4 Bc5 11. Nce2 O-O 12. b3 Rfe8 13. Bb2 Ne4 14. Rc1 Bd6 15. Nf3 Rad8 16. Qd3 Re6 17. Rfd1 Rg6 18. Ng3 Bxg3 19. hxg3 Rh6 20. Qe2 Qg4 21. Nd4 Qg5 22. Nxc6 bxc6 23. Qf3 Qe7 24. Qf4 Rg6 25. Qe5 Qf8 26. Qc7 Rc8 27. Qb7 Rb8 28. Qxa7 Ra8 29. Qb7 Rxa2 30. Rc2 Qa8 31. Qxa8+ Rxa8 32. Rdc1 Rb8 33. Rxc6 Rxc6 34. Rxc6 f6 35. g4 Rxb3 36. Rc2 Nd6 37. Bd4 Nb5 38. Rc5 Nxd4 39. exd4 Kf7 40. Rxd5 Ke6 41. Rd8 Rb4 42. Re8+ Kd7 43. Re4 Kd6 44. f3 Rb2 45. Kh2 Rd2 46. Kg3 g5 47. Re8 Rxd4 48. Rh8 Ke6 49. Rxh7 Rd2 50. Rh1 Re2 51. Rf1 Kf7 52. Rf2 Re1 53. Rb2 Rf1 54. Rf2 Re1 55. Kh2 Kg6 56. Rb2 Rd1 57. g3 Rd3 58. Kg2 Rc3 59. Kf2 Ra3 60. Rd2 Rb3 61. Ke2 Ra3 62. Kf2 Rb3 63. Re2 Ra3 64. f4 Rb3 65. Rd2 Rb4 66. Ke3 Rb3+ 67. Rd3 Rxd3+ 68. Kxd3 f5 69. Ke3 fxg4 70. Ke4 gxf4 71. Kxf4 Kf6 72. Kxg4 Kg6 73. Kf4 Kf6 74. g4 1/2-1/2

[Event "Szansa Chess Open 2022"]
[Site "Warsaw"]
[Date "2022.09.17"]
[Round "6"]
[White "Jakubowski, Krzysztof"]
[Black "Kulesza, Andrzej"]
[Result "1/2-1/2"]
[ECO "B90"]
[WhiteElo "2466"]
[BlackElo "2014"]
[Annotator "ChessBase"]
[PlyCount "141"]
[EventDate "2022.09.17"]
[EventCountry "POL"]
[SourceTitle "playchess.com"]
[Source "ChessBase"]
[SourceQuality "1"]
[TimeControl "900+10"]

1. e4 c5 2. Nf3 d6 3. d4 cxd4 4. Nxd4 Nf6 5. Nc3 a6 6. a4 e5 7. Nf3 Be7 8. Bg5 Be6 9. Bxf6 Bxf6 10. Nd5 Nd7 11. Bc4 O-O 12. O-O Rc8 13. b3 Nb6 14. Nxf6+ Qxf6 15. Bxe6 Qxe6 16. c4 Nd7 17. a5 Rc5 18. Ne1 Rc6 19. Nd3 Nc5 20. Nb4 Rcc8 21. Re1 f5 22. exf5 Qxf5 23. Ra2 Rcd8 24. Re3 Kh8 25. h3 Rf6 26. Nd5 Rf7 27. Nc3 Ne6 28. Rf3 Nf4 29. Nd5 Qh5 30. Rd2 Ne6 31. Rxf7 Qxf7 32. Nc3 Qc7 33. Kh2 Nd4 34. Ra2 Rf8 35. Kh1 Qc5 36. Ra4 Qc6 37. f3 Rb8 38. Nd5 h6 39. Rb4 Qc5 40. Rb6 Nc6 41. Qd2 Qxa5 42. Qxa5 Nxa5 43. Ne7 Rd8 44. Kg1 Rd7 45. Nf5 Nc6 46. b4 g6 47. Nxh6 Kg7 48. Ng4 Ne7 49. c5 Nc8 50. c6 Nxb6 51. cxd7 Nxd7 52. Kf2 Nb8 53. Ne3 Nc6 54. Nd5 Kf7 55. Ke3 Ke6 56. Ke4 Ne7 57. Nxe7 Kxe7 58. Kd5 Kd7 59. h4 b6 60. g4 a5 61. bxa5 bxa5 62. Kc4 Ke6 63. Kb5 d5 64. Kxa5 e4 65. fxe4 dxe4 66. Kb4 Ke5 67. h5 gxh5 68. gxh5 Kf5 69. Kc3 Kg5 70. Kd4 Kxh5 71. Kxe4 1/2-1/2

[Event "Szansa Chess Open 2022"]
[Site "Warsaw"]
[Date "2022.09.17"]
[Round "6"]
[White "Nguyen, Piotr"]
[Black "Goraj, Barbara"]
[Result "1-0"]
[ECO "A15"]
[WhiteElo "2421"]
[BlackElo "2121"]
[Annotator "ChessBase"]
[PlyCount "137"]
[EventDate "2022.09.17"]
[EventCountry "POL"]
[SourceTitle "playchess.com"]
[Source "ChessBase"]
[SourceQuality "1"]
[TimeControl "900+10"]

1. c4 Nf6 2. g3 g6 3. Bg2 Bg7 4. Nc3 d6 5. e4 e5 6. Nge2 O-O 7. O-O c5 8. d3 Nc6 9. h3 Nd4 10. f4 Ne8 11. Nxd4 exd4 12. Nd5 f5 13. exf5 Bxf5 14. Re1 Rf7 15. Qe2 Bf8 16. b4 Rc8 17. a4 Kg7 18. a5 Nf6 19. Qf1 h5 20. Bd2 Nxd5 21. Bxd5 Re7 22. Rxe7+ Qxe7 23. Kh2 Qd7 24. Rb1 Rc7 25. Bg2 Qa4 26. bxc5 Qc2 27. cxd6 Bxd6 28. Qf2 Qxd3 29. Rb5 Bc5 30. Qe1 Re7 31. Rxb7 Rxb7 32. Bxb7 Qxc4 33. Qe5+ Kh7 34. Bg2 Bf8 35. Qe1 Bg7 36. Bf3 Qc8 37. Qf1 d3 38. Qg2 Bc3 39. Be3 Qc7 40. g4 hxg4 41. hxg4 Be6 42. Be4 d2 43. Bxd2 Bxd2 44. Qxd2 Bxg4 45. Kg3 Qd7 46. Qh2+ Kg7 47. Qb2+ Kh7 48. Qf6 Bf5 49. Bxf5 gxf5 50. Kh4 Qd5 51. a6 Qh1+ 52. Kg5 Qg2+ 53. Kxf5 Qc2+ 54. Ke6 Qc4+ 55. Kd7 Qd3+ 56. Kc7 Qb3 57. f5 Qb1 58. Qg6+ Kh8 59. Qh6+ Kg8 60. Qe6+ Kh8 61. f6 Qb2 62. Kc8 Qb1 63. Qe7 Qf5+ 64. Kb8 Qf4+ 65. Kxa7 Qf2+ 66. Kb7 Qf3+ 67. Kc7 Qc3+ 68. Kd8 Qd3+ 69. Qd7 1-0

[Event "Szansa Chess Open 2022"]
[Site "Warsaw"]
[Date "2022.09.17"]
[Round "6"]
[White "Psyk, Radoslaw"]
[Black "Smieszek, Wojciech"]
[Result "1-0"]
[ECO "B20"]
[WhiteElo "2404"]
[BlackElo "2082"]
[Annotator "ChessBase"]
[PlyCount "79"]
[EventDate "2022.09.17"]
[EventCountry "POL"]
[SourceTitle "playchess.com"]
[Source "ChessBase"]
[SourceQuality "1"]
[TimeControl "900+10"]

1. e4 c5 2. Be2 g6 3. f4 Bg7 4. Nf3 Nc6 5. O-O d6 6. d3 e6 7. c3 Nge7 8. Be3 O-O 9. Na3 Rb8 10. d4 cxd4 11. cxd4 d5 12. e5 a6 13. Bf2 Qb6 14. b3 Bd7 15. Nc2 Na7 16. Ne3 Bb5 17. g4 Bxe2 18. Qxe2 Nb5 19. Qd3 Rfc8 20. f5 Nc6 21. Ng2 Nb4 22. Qd2 Rc3 23. Ng5 a5 24. a3 Rc2 25. Qd1 Nc3 26. Qf3 Ne4 27. Nxe4 dxe4 28. Qxe4 Rxf2 29. Rxf2 Nd5 30. fxg6 hxg6 31. Raf1 Rf8 32. Rf3 Qc7 33. Nf4 Nxf4 34. Qxf4 Qe7 35. a4 Qd7 36. h4 Qe7 37. h5 g5 38. Qe3 f5 39. exf6 Rxf6 40. Qxg5 1-0

[Event "Szansa Chess Open 2022"]
[Site "Warsaw"]
[Date "2022.09.17"]
[Round "6"]
[White "Lewtak, Damian"]
[Black "Krasenkova, Elena"]
[Result "1-0"]
[ECO "A06"]
[WhiteElo "2386"]
[BlackElo "2124"]
[Annotator "ChessBase"]
[PlyCount "111"]
[EventDate "2022.09.17"]
[EventCountry "POL"]
[SourceTitle "playchess.com"]
[Source "ChessBase"]
[SourceQuality "1"]
[TimeControl "900+10"]

1. Nf3 d5 2. b3 Nf6 3. Bb2 Bf5 4. d3 e6 5. Nbd2 Be7 6. g3 h6 7. Bg2 O-O 8. O-O c6 9. Qe1 Nbd7 10. e4 dxe4 11. dxe4 Bg6 12. Qe2 Qc7 13. Rfd1 Rad8 14. h3 Rfe8 15. a3 a5 16. Ne1 Bc5 17. e5 Nd5 18. c4 Ne7 19. Ne4 Bb6 20. Nd6 Rf8 21. b4 Rb8 22. Rd2 Nc8 23. Rad1 Rd8 24. Ne8 Rxe8 25. Rxd7 axb4 26. Rxc7 Bxc7 27. axb4 Ne7 28. Nf3 Nf5 29. Rd7 Bd8 30. g4 Nh4 31. Nxh4 Bxh4 32. Be4 Bxe4 33. Qxe4 Red8 34. Rxd8+ Rxd8 35. Bd4 Be7 36. Bc3 Rd1+ 37. Kg2 Rd8 38. Qc2 Ra8 39. Qd2 Rd8 40. Qa2 Rd3 41. Qa8+ Bf8 42. Bb2 Rd2 43. Bc1 Rd7 44. Be3 f5 45. Bc5 Rf7 46. Bxf8 Rxf8 47. Qxb7 fxg4 48. hxg4 Rf4 49. Qxc6 Rxg4+ 50. Kf3 Rg6 51. b5 Kh7 52. b6 Rg1 53. Qxe6 g6 54. Qf7+ Kh8 55. e6 Rb1 56. e7 1-0

[Event "Szansa Chess Open 2022"]
[Site "Warsaw"]
[Date "2022.09.17"]
[Round "6"]
[White "Kokoszczynski, Jan"]
[Black "Nasuta, Grzegorz"]
[Result "0-1"]
[ECO "D31"]
[WhiteElo "2313"]
[BlackElo "2531"]
[Annotator "ChessBase"]
[PlyCount "104"]
[EventDate "2022.09.17"]
[EventCountry "POL"]
[SourceTitle "playchess.com"]
[Source "ChessBase"]
[SourceQuality "1"]
[TimeControl "900+10"]

1. d4 d5 2. c4 e6 3. Nc3 c6 4. e4 dxe4 5. Nxe4 Bb4+ 6. Nc3 c5 7. a3 Bxc3+ 8. bxc3 Nf6 9. Nf3 Nc6 10. Bd3 cxd4 11. cxd4 Nxd4 12. O-O Nc6 13. Qe2 O-O 14. Bb2 Re8 15. Rad1 Qe7 16. Rfe1 Nd7 17. h4 Nf8 18. Be4 f6 19. h5 e5 20. Nh4 Be6 21. Bd5 Rad8 22. Nf5 Qc7 23. Qg4 Kh8 24. Qe4 Bxf5 25. Qxf5 Ne7 26. Qe4 Nxd5 27. cxd5 h6 28. Rd2 Qf7 29. Qf3 Rd7 30. a4 Red8 31. Red1 Nh7 32. Qg4 Ng5 33. d6 Qe6 34. Qb4 Qf5 35. Rd3 Nf7 36. g4 Qe6 37. Ba3 e4 38. Rg3 b6 39. Re1 Nxd6 40. Qd4 Nc4 41. Qxe4 Qxe4 42. Rxe4 Rd4 43. Be7 Rxe4 44. Bxd8 Ne5 45. Bc7 Rxa4 46. Bxe5 fxe5 47. g5 hxg5 48. Rxg5 Ra5 49. Kf1 e4 50. Rg4 Rxh5 51. Rxe4 a5 52. Re3 Rb5 0-1